 Dungeon Crawl Stone Soup version 0.16.1-17-g773cdaf (webtiles) character file.

1451 lorenzova the Thaumaturge (level 8, -3/41 HPs)
             Began as a Deep Elf Conjurer on Apr 22, 2015.
             Was a Believer of Sif Muna.
             Slain by an ogre
             ... wielding a +0 giant club
              (21 damage)
             ... on level 5 of the Dungeon.
             The game lasted 00:18:17 (6925 turns).

lorenzova the Thaumaturge (Deep Elf Conjurer)       Turns: 6925, Time: 00:18:18

Health: -3/41      AC:  4    Str:  5    XL:     8   Next: 47%
Magic:  25/29      EV: 13    Int: 23    God:    Sif Muna [**....]
Gold:   209        SH:  0    Dex: 15    Spells: 2 memorised, 22 levels left

rFire  . . .     SeeInvis .     q - -3 short sword (curse)
rCold  . . .     Clarity  +     a - +0 robe
rNeg   . . .     SustAb   .     (no shield)
rPois  .         Gourm    .     G - +0 helmet
rElec  .         Spirit   .     u - +0 cloak
rCorr  .         Warding  .     (no gloves)
rMut   .         Stasis   .     (no boots)
MR     .....                    p - amulet of clarity
Stlth  ++........               (no ring)
                                (no ring)

@: not resistant to hostile enchantments, unstealthy
A: no striking features
a: Channel Energy, Forget Spell, Renounce Religion


You were on level 5 of the Dungeon.
You worshipped Sif Muna.
Sif Muna was pleased with you.
You were hungry.

You visited 2 branches of the dungeon, and saw 6 of its levels.

You collected 209 gold pieces.

Inventory:

Hand weapons
 g - a +0 short sword
 q - a cursed -3 short sword (weapon)
 t - a +4 quarterstaff of chaos
 x - a +0 flail of protection
Armour
 a - a +0 robe (worn)
 u - a +0 cloak (worn)
 G - a +0 helmet (worn)
Magical staves
 B - an uncursed staff of earth {unknown}
Jewellery
 p - an amulet of clarity (around neck)
Magical devices
 y - a wand of disintegration (15)
 z - a wand of cold (7)
Scrolls
 f - a scroll of random uselessness {unknown}
 h - a scroll of noise
 i - a scroll of teleportation
 j - a scroll of immolation {unknown}
 m - a scroll of amnesia {unknown}
 o - a scroll of blinking {unknown}
 s - a scroll of identify
 v - a scroll of remove curse {unknown}
 E - a scroll of enchant armour {unknown}
 H - a scroll of fear {unknown}
Potions
 e - 5 potions of curing
 k - 3 potions of brilliance
 l - a potion of resistance
 n - a potion of haste
 r - a potion of restore abilities {unknown}
 w - a potion of berserk rage {unknown}
 A - a potion of cancellation {unknown}
Books
 c - a book of Conjurations

   Spells                             Type                      Level
   a - Magic Dart                     Conjuration                  1
   b - Searing Ray                    Conjuration                  2
   c - Dazzling Spray                 Conjuration/Hexes            3
   d - Fulminant Prism                Conjuration/Hexes            4
   e - Iskenderun's Mystic Blast      Conjuration                  4
   f - Iskenderun's Battlesphere      Conjuration/Charms           5
 D - a book of Ice

   Spells                             Type                      Level
   a - Ice Form                       Ice/Transmutation            4
   b - Metabolic Englaciation         Hexes/Ice                    5
   c - Ozocubu's Refrigeration        Ice                          6
   d - Bolt of Cold                   Conjuration/Ice              6
   e - Freezing Cloud                 Conjuration/Ice/Air          6
   f - Simulacrum                     Ice/Necromancy               6
Comestibles
 b - 6 bread rations
 d - 2 meat rations
 C - a slice of pizza
 F - a beef jerky
 I - a chunk of flesh


   Skills:
 - Level 2.4 Dodging
 - Level 2.4 Stealth
 + Level 10.0 Spellcasting
 + Level 9.4 Conjurations


You had 22 spell levels left.
You knew the following spells:

 Your Spells              Type           Power        Failure   Level  Hunger
a - Magic Dart            Conj           ####         1%          1    None
c - Iskenderun's Mystic   Conj           ######..     1%          4    #......


Dungeon Overview and Level Annotations

Branches:
Dungeon (5/15)             Temple (1/1) D:4

Altars:
Ashenzari
Cheibriados
Dithmenos
Elyvilon
Fedhas
Gozag
Kikubaaqudgha
Makhleb
Nemelex Xobeh
Okawaru
Qazlal
Ru
Sif Muna
Trog
Vehumet
Xom
Yredelemnul
Zin
The Shining One


Message History

An ogre comes into view. It is wielding a giant club.
Casting: Magic Dart
Confirm with . or Enter, or press ? or * to list all spells.
You don't know that spell.
The ogre shouts!
The ogre hits you with a giant club!!
Ouch! That really hurt!
There is an open door, spattered with blood here.
Casting: Magic Dart
Confirm with . or Enter, or press ? or * to list all spells.
Aiming: Iskenderun's Mystic Blast
Press: ? - help, Shift-Dir - straight line, f - ogre
Aim: an ogre, wielding a giant club The orb of energy hits the ogre.
The ogre is almost dead.
The orb of energy explodes!
You are feeling hungry.
The ogre hits you with a giant club!!
Ouch! That really hurt!
You die...

.....#..#...#
'#...').#.(.###
.'...#..#...#.##+##.#
'#...#..#...'........+
.#.. #..'..>#.##.##.#
.'...'..#...#.##.##.##.#
'#...#+##...+.......'..#
#...#.##.##.##+#
'...#.##@##.##.#
##...#....O#....#
....#.....'....#
.#.....#....#
+....##.##.# #....# ## #
#..>.. #+##.# ###


You could see an ogre.

Vanquished Creatures
  The ghost of raikaria the Grasshopper, an average DsWr (D:4)
  A hungry ghost (D:4)
  A water moccasin (D:5)
  A necrophage (D:5)
  A sky beast (D:5)
  An ice beast (D:4)
  2 ogres (D:4)
  4 hounds
  4 orc priests
  Crazy Yiuf (D:3)
  A giant frog skeleton (D:4)
  An iguana (D:5)
  3 worker ants (D:5)
  A killer bee zombie (D:5)
  4 gnolls (D:3)
  A worker ant zombie (D:5)
  6 adders
  5 worms
  6 giant geckos
  18 orcs
  10 bats
  2 bat skeletons (D:4)
  8 giant cockroaches
  10 hobgoblins
  9 jackals
  12 kobolds
  A quokka (D:4)
  3 ball pythons
  A ball python skeleton (D:5)
  5 giant newts
  9 goblins
  10 rats
143 creatures vanquished.

Notes
Turn   | Place    | Note
--------------------------------------------------------------
     0 | D:1      | lorenzova, the Deep Elf Conjurer, began the quest for the Orb.
     0 | D:1      | Reached XP level 1. HP: 10/10 MP: 5/5
   178 | D:1      | Reached XP level 2. HP: 15/15 MP: 0/8
   602 | D:1      | Reached skill level 5 in Conjurations
  1233 | D:2      | Reached XP level 3. HP: 19/19 MP: 0/12
  1739 | D:2      | Found a bloodstained altar of Trog.
  2276 | D:2      | Reached XP level 4. HP: 16/24 MP: 11/16
  2282 | D:2      | Learned a level 4 spell: Iskenderun's Mystic Blast
  2811 | D:3      | Found an ancient bone altar of Kikubaaqudgha.
  2847 | D:3      | Reached skill level 5 in Spellcasting
  3075 | D:3      | Noticed Crazy Yiuf
  3083 | D:3      | Killed Crazy Yiuf
  3083 | D:3      | Reached XP level 5. HP: 28/28 MP: 11/19
  3342 | D:3      | Found a white marble altar of Elyvilon.
  3367 | D:3      | Reached skill level 6 in Conjurations
  3458 | D:3      | Found a blossoming altar of Fedhas.
  4063 | D:4      | Reached XP level 6. HP: 32/32 MP: 8/22
  4170 | D:4      | Found a staircase to the Ecumenical Temple.
  4262 | Temple   | Entered the Ecumenical Temple
  4570 | Temple   | Became a worshipper of Sif Muna the Loreminder
  4686 | D:4      | Noticed an ice beast
  4688 | D:4      | Killed an ice beast
  4688 | D:4      | Reached skill level 7 in Conjurations
  4874 | D:4      | Noticed raikaria's ghost (average DsWr)
  4878 | D:4      | Killed raikaria's ghost
  4878 | D:4      | Acquired Sif Muna's first power
  4878 | D:4      | Reached XP level 7. HP: 36/36 MP: 5/25
  5158 | D:4      | Noticed an ogre
  5171 | D:4      | Killed an ogre
  5171 | D:4      | Reached skill level 8 in Spellcasting
  5340 | D:4      | Noticed a hungry ghost
  5347 | D:4      | Killed a hungry ghost
  5930 | D:5      | Entered Level 5 of the Dungeon
  5940 | D:5      | Acquired Sif Muna's second power
  5940 | D:5      | Reached skill level 9 in Spellcasting
  5940 | D:5      | Reached XP level 8. HP: 41/41 MP: 17/28
  6831 | D:5      | Reached skill level 10 in Spellcasting
  6925 | D:5      | Slain by an ogre

Action                   |  1- 3 |  4- 6 |  7- 9 || total
-------------------------+-------+-------+-------++-------
Melee: Short sword       |     3 |     8 |     3 ||    14
 Cast: Magic Dart        |   113 |   103 |   100 ||   316
       Iskenderun's Myst |       |    22 |    21 ||    43
  Use: Scroll            |       |     3 |     3 ||     6
 Stab: Sleeping          |       |     1 |     2 ||     3
  Eat: Chunk             |     3 |    11 |     6 ||    20
       Pizza             |       |       |     1 ||     1
       Beef jerky        |       |       |     1 ||     1
